 Dungeon Crawl Stone Soup version 0.25-a0-62-g88673ef095 (webtiles) character file.

Game seed: 16974813867831348552, levelgen mode: deterministic

967 iamserjio the Skirmisher (level 8, -4/87 HPs)
             Began as an Octopode Berserker on Oct 31, 2019.
             Was a Priest of Trog.
             Slain by a sky beast (5 damage)
             ... on level 5 of the Dungeon.
             The game lasted 00:04:27 (5231 turns).

iamserjio the Skirmisher (Octopode Berserker)       Turns: 5231, Time: 00:04:28

Health: -4/87      AC:  1    Str: 22    XL:     8   Next: 15%
Magic:  8/8        EV: 15    Int:  9    God:    Trog [***...]
Gold:   239        SH:  5    Dex: 13    Spells: 7/7 levels left

rFire    . . .     SeeInvis .   a - +0 falchion
rCold    . . .     Gourm    +   p - +0 buckler
rNeg     . . .     Faith    .   (helmet restricted)
rPois    .         Spirit   .   s - amulet of the gourmand (curse)
rElec    .         Reflect  .   t - ring of wizardry
rCorr    .         Harm     .   (no ring)
MR       .....                  (no ring)
Stlth    ..........             (no ring)
HPRegen  0.24/turn              (no ring)
MPRegen  0.11/turn              (no ring)
                                (no ring)
                                (no ring)

@: berserking (expiring), lightly drained, very quick
A: almost no armour, stealthy swim, amphibious, 8 rings, constrict 8, camouflage
1, gelatinous body 1
a: Berserk, Trog's Hand, Renounce Religion


You were on level 5 of the Dungeon.
You worshipped Trog.
Trog was most pleased with you.
You were full.

You visited 1 branch of the dungeon, and saw 5 of its levels.

You collected 239 gold pieces.

Inventory:

Hand Weapons
 a - a +0 falchion (weapon)
 r - a +0 war axe
 v - a +0 morningstar
 y - a +3 dire flail of holy wrath
 C - a +2 quarterstaff of chaos
Missiles
 c - 21 poisoned darts
 l - 169 stones (quivered)
Armour
 p - a +0 buckler (worn)
Jewellery
 s - a cursed amulet of the gourmand (around mantle)
 t - a ring of wizardry (left tentacle)
Wands
 x - a wand of flame (20)
Scrolls
 f - a scroll of teleportation {unknown}
 g - a scroll of magic mapping {unknown}
 h - 2 scrolls of random uselessness {unknown}
 i - a scroll of fear {unknown}
 j - a scroll of fog {unknown}
 k - a scroll of enchant weapon {unknown}
 m - 6 scrolls of identify {unknown}
 n - 7 scrolls of remove curse {unknown}
 u - a scroll of blinking {unknown}
Potions
 d - 2 potions of heal wounds {unknown}
 e - 2 potions of resistance
 o - 2 potions of mutation {unknown}
 q - 2 potions of berserk rage {unknown}
 w - a potion of ambrosia {unknown}
 z - 2 potions of curing {unknown}
 A - 2 potions of degeneration {unknown}
 B - 3 potions of lignification {unknown}
Comestibles
 b - 7 rations


   Skills:
 * Level 6.8 Fighting
 - Level 3.0(2.9) Long Blades
 + Level 5.2(5.1) Dodging
 - Level 4.9 Shields


You had 7 spell levels left.
You didn't know any spells.
Your spell library was empty.

Dungeon Overview and Level Annotations

Branches:
Dungeon (5/15)
 Temple: D:4-7

Altars:
Cheibriados
Uskayaw


Innate Abilities, Weirdness & Mutations

You cannot wear most types of armour.
You are very stealthy in the water. (Stealth+)
You are amphibious.
You can wear up to eight rings at the same time.
You can use your tentacles to constrict eight enemies at once.
Your skin changes colour to match your surroundings (Stealth+).
Your rubbery body absorbs attacks. (AC +1, EV +1)


Message History

You closely miss something. You miss something. Something hits you.
You block something's attack.
You closely miss something.
You hear some strange, mumbled words.
A puff of flame appears from out of thin air!
The puff of flame hits you!
* * * LOW HITPOINT WARNING * * *
A sky beast appears from thin air!
Reactivating autopickup.
The sky beast hits you.
* * * LOW HITPOINT WARNING * * *
The sky beast shocks you.
* * * LOW HITPOINT WARNING * * *
You hit the sky beast. Something hits you.
* * * LOW HITPOINT WARNING * * *
Deactivating autopickup; reactivate with Ctrl-A.
The sky beast hits you.
* * * LOW HITPOINT WARNING * * *
The sky beast shocks you.
You die...

##.<......##
#..........#
#..........#
#..........#
#..........#
#.......(..#
##.%......##
##........##
#.....@....#
#....{Y....#
#..........#
#..........#
#..........#
##........##
##......##
########


You could see a sky beast.

Vanquished Creatures
  Sigmund (D:4)
  Edmund (D:4)
  Menkaure (D:4)
  Blork the orc (D:4)
  A crimson imp (D:5)
  An orc priest (D:4)
  Crazy Yiuf (D:4)
  2 hounds (D:4)
  3 orc wizards
  Jessica (D:2)
  Terence (D:3)
  A worker ant (D:4)
  5 gnolls
  6 adders
  An adder zombie (D:5)
  2 worms
  A dart slug (D:2)
  A leopard gecko (D:4)
  11 orcs
  4 bats
  2 giant cockroaches
  7 goblins
  7 hobgoblins
  11 jackals
  15 kobolds
  A ball python (D:2)
  7 frilled lizards
  4 rats
  A fungus (D:4)
101 creatures vanquished.

Notes
Turn   | Place    | Note
-------+----------+-------------------------------------------
     0 | D:1      | iamserjio the Octopode Berserker began the quest for the
                  | Orb.
     0 | D:1      | Reached XP level 1. HP: 16/16 MP: 1/1
    70 | D:1      | Reached XP level 2. HP: 16/21 MP: 2/2
   748 | D:1      | Found a snail-covered altar of Cheibriados.
   750 | D:1      | Reached XP level 3. HP: 27/27 MP: 3/3
  1080 | D:2      | Reached skill level 4 in Fighting
  1407 | D:2      | Noticed Jessica
  1414 | D:2      | Killed Jessica
  1414 | D:2      | Reached ** piety under Trog
  1414 | D:2      | Reached skill level 1 in Shields
  1414 | D:2      | Reached XP level 4. HP: 6/33 MP: 4/4
  2081 | D:3      | Noticed Terence
  2094 | D:3      | Killed Terence
  2094 | D:3      | Reached XP level 5. HP: 27/38 MP: 5/5
  3524 | D:4      | Reached *** piety under Trog
  3534 | D:4      | Reached skill level 5 in Fighting
  3534 | D:4      | Reached XP level 6. HP: 10/45 MP: 6/6
  3851 | D:4      | Found a hide-covered altar of Uskayaw.
  3939 | D:4      | Noticed Sigmund
  4091 | D:4      | Killed Sigmund
  4091 | D:4      | Reached XP level 7. HP: 51/51 MP: 7/7
  4128 | D:4      | Noticed Menkaure
  4135 | D:4      | Killed Menkaure
  4337 | D:4      | Reached skill level 6 in Fighting
  4555 | D:4      | Noticed Edmund
  4568 | D:4      | Killed Edmund
  4810 | D:4      | Noticed Blork the orc
  4820 | D:4      | Killed Blork the orc
  4820 | D:4      | Reached skill level 5 in Dodging
  4820 | D:4      | Reached XP level 8. HP: 41/58 MP: 8/8
  5090 | D:4      | Found a runed translucent door.
  5091 | D:4      | Noticed Crazy Yiuf
  5099 | D:4      | Killed Crazy Yiuf
  5196 | D:5      | Entered Level 5 of the Dungeon
  5231 | D:5      | HP: 4/87 [something (4)]
  5231 | D:5      | HP: 1/87 [sky beast (3)]
  5231 | D:5      | Slain by a sky beast

Levels and vault maps discovered:
D:1:      dpeg_arrival_signposts, layout_rooms, minmay_misc_feat_four_crosses,
          cheibriados_altar_1
D:2:      layout_basic, minmay_cupped, uniq_jessica
D:3:      layout_loops_cross, uniq_terence
D:4:      layout_rooms, lemuel_doored_altar, uniq_crazy_yiuf_cottage,
          uniq_edmund, uniq_blork_the_orc, uniq_sigmund, uniq_menkaure
D:5:      layout_rooms, led_sif_pool, chequers_temple_overflow_minitemple,
          nicolae_overflow_crystal_walls, first_ration

Skill      XL: |  1  2  3  4  5  6  7 |
---------------+----------------------+-----
Fighting       | 4 5 6 |  6.8
Shields        | 1 2 3 4 |  4.9
Dodging        | 4 5 |  5.2
Long Blades    | |  3.0

Action                   |  1- 3 |  4- 6 |  7- 9 || total
-------------------------+-------+-------+-------++-------
Melee: Falchion          |    51 |    93 |    60 ||   204
       Constrict         |    17 |    35 |    14 ||    66
       Tentacles         |    14 |    31 |    21 ||    66
Throw: Stone             |       |     1 |       ||     1
Invok: Berserk           |       |     3 |     4 ||     7
 Stab: Sleeping          |       |     6 |     2 ||     8
       Distracted        |       |     1 |       ||     1
  Eat: Chunk             |     2 |    20 |     7 ||    29
Armor: Skin              |     2 |     3 |     3 ||     8
Dodge: Dodged            |    45 |    57 |    20 ||   122
Block: Buckler           |       |       |     3 ||     3
       Rpst.: Falchion   |    13 |    22 |     7 ||    42

Table legend:
 A = Non-vault XP
 B = Vault XP
 C = Vault XP percentage of total XP
 D = Non-vault monster count
 E = Vault monster count
 F = Vault count percentage of total count
                 A         B        C        D         E       F
            +---------+---------+-------+---------+---------+-------
      Total |     621 |     761 |  55.1 |      89 |      11 |  11.0
            +---------+---------+-------+---------+---------+-------
        D:1 |      46 |       0 |   0.0 |      19 |       0 |   0.0
        D:2 |      53 |      44 |  45.4 |      17 |       5 |  22.7
        D:3 |     131 |      36 |  21.6 |      26 |       1 |   3.7
        D:4 |     258 |     681 |  72.5 |      23 |       5 |  17.9
        D:5 |     133 |       0 |   0.0 |       4 |       0 |   0.0
            +---------+---------+-------+---------+---------+-------
